[ AOE2 MATCH · #506165975 ]
UnrankedBohemians vs Incas
Player's team · LOSS
Rival team · WIN
[ REPLAY ANALYSIS · EXTRACTED FROM THE RECORDED GAME ]
Feudal
11:37
Castle
25:45
Imperial
—
| APM avg | 73.3 |
| APM peak | 120 |
| eAPM avg | 32.2 |
| Villagers / military | 106 / 47 |
Focus
⚔️ 28.1% · 🌾 71.9%
Hussite Wagon ×12 · Skirmisher ×10 · Scout Cavalry ×10 · Archer ×5 · Knight ×4 · Monk ×3
Feudal
11:57
Castle
29:55
Imperial
—
| APM avg | 59.9 |
| APM peak | 97 |
| eAPM avg | 21.6 |
| Villagers / military | 81 / 58 |
Focus
⚔️ 45.3% · 🌾 54.7%
Unknown (2550) ×67 · Spearman ×31 · Archer ×18 · Battering Ram ×9
Match map
Initial resources + every placement click. Lines = walls · curves = elevation contours. ◆ gold · ⬟ stone · ● berries · ✦ relic · ◌ wall gap
Your base· Open — unwalled flank
Panelo's base· Open — unwalled flank
Smoothed initial terrain · ◌ = detected wall gap · hover for details
Inputs per minute
— Gil-galad - - Panelo
Build order — Gil-galad
First 150 of 256 actions detected
| 0:00 | Create | Villager (Male) |
| 0:00 | Create | Villager (Male) |
| 0:00 | Create | Villager (Male) |
| 0:01 | Build | House |
| 0:02 | Build | House |
| 0:09 | Create | Villager (Male) |
| 1:23 | Create | Villager (Male) |
| 1:45 | Build | Lumber Camp |
| 1:58 | Create | Villager (Male) |
| 2:14 | Create | Villager (Male) |
| 2:45 | Create | Villager (Male) |
| 3:07 | Create | Villager (Male) |
| 3:38 | Create | Villager (Male) |
| 3:39 | Create | Villager (Male) |
| 3:49 | Build | House |
| 4:04 | Create | Villager (Male) |
| 4:26 | Create | Villager (Male) |
| 4:37 | Build | Barracks |
| 4:41 | Build | House |
| 4:54 | Create | Villager (Male) |
| 5:05 | Build | Palisade Wall |
| 5:20 | Create | Villager (Male) |
| 5:35 | Create | Militia |
| 5:45 | Create | Villager (Male) |
| 5:55 | Create | Militia |
| 6:11 | Create | Militia |
| 6:19 | Create | Villager (Male) |
| 6:24 | Build | Mill |
| 6:32 | Create | Villager (Male) |
| 6:37 | Build | House |
| 6:43 | Build | Palisade Wall |
| 7:03 | Create | Villager (Male) |
| 7:26 | Create | Villager (Male) |
| 7:35 | Research | Loom |
| 7:36 | Build | House |
| 7:48 | Create | Villager (Male) |
| 7:50 | Build | House |
| 8:33 | Create | Villager (Male) |
| 9:27 | Research | Feudal Age |
| 9:39 | Create | Villager (Male) |
| 9:58 | Build | Mill |
| 10:13 | Create | Villager (Male) |
| 10:43 | Create | Villager (Male) |
| 11:37 | Age | Feudal Age |
| 12:08 | Build | Stable |
| 12:12 | Create | Villager (Male) |
| 12:23 | Build | Watch Tower |
| 12:53 | Create | Scout Cavalry |
| 12:58 | Research | Double-Bit Axe |
| 13:13 | Create | Villager (Male) |
| 13:18 | Build | Farm |
| 13:39 | Create | Scout Cavalry |
| 13:40 | Create | Scout Cavalry |
| 14:17 | Create | Scout Cavalry |
| 14:19 | Create | Villager (Male) |
| 14:28 | Build | Farm |
| 14:29 | Build | Farm |
| 14:30 | Build | Farm |
| 14:30 | Build | Farm |
| 14:30 | Build | Farm |
| 14:30 | Build | Farm |
| 15:15 | Create | Villager (Male) |
| 15:39 | Create | Villager (Male) |
| 15:50 | Create | Villager (Male) |
| 16:04 | Build | Lumber Camp |
| 16:09 | Create | Villager (Male) |
| 16:30 | Create | Villager (Male) |
| 16:33 | Build | Archery Range |
| 16:38 | Create | Scout Cavalry |
| 16:47 | Create | Villager (Male) |
| 16:59 | Build | House |
| 17:25 | Create | Villager (Male) |
| 17:29 | Create | Skirmisher |
| 17:29 | Create | Skirmisher |
| 17:36 | Create | Scout Cavalry |
| 17:36 | Create | Scout Cavalry |
| 17:42 | Build | House |
| 17:46 | Build | Farm |
| 17:47 | Build | Farm |
| 17:47 | Build | Farm |
| 17:47 | Build | Farm |
| 17:47 | Build | Farm |
| 17:47 | Build | Farm |
| 17:48 | Build | Farm |
| 17:48 | Build | Farm |
| 18:06 | Create | Skirmisher |
| 18:09 | Create | Villager (Male) |
| 18:16 | Build | Farm |
| 18:21 | Build | Farm |
| 18:23 | Create | Skirmisher |
| 18:41 | Create | Villager (Male) |
| 18:43 | Build | Farm |
| 19:02 | Build | Blacksmith |
| 19:07 | Create | Skirmisher |
| 19:09 | Build | Farm |
| 19:09 | Create | Villager (Male) |
| 19:11 | Build | Farm |
| 19:13 | Build | Farm |
| 19:22 | Build | House |
| 19:26 | Build | House |
| 19:32 | Create | Villager (Male) |
| 19:35 | Build | Mining Camp |
| 19:44 | Create | Scout Cavalry |
| 20:03 | Research | Padded Archer Armor |
| 20:07 | Create | Villager (Male) |
| 20:10 | Build | Farm |
| 20:15 | Create | Skirmisher |
| 20:17 | Create | Scout Cavalry |
| 20:21 | Create | Villager (Male) |
| 20:25 | Build | Farm |
| 20:28 | Build | Farm |
| 20:47 | Create | Villager (Male) |
| 20:53 | Build | Farm |
| 21:02 | Create | Skirmisher |
| 21:02 | Create | Skirmisher |
| 21:03 | Create | Villager (Male) |
| 21:27 | Build | Market |
| 21:40 | Create | Skirmisher |
| 21:46 | Create | Villager (Male) |
| 23:05 | Research | Castle Age |
| 23:05 | Research | Castle Age |
| 23:29 | Build | House |
| 23:32 | Create | Scout Cavalry |
| 23:33 | Create | Skirmisher |
| 23:44 | Build | House |
| 23:59 | Build | House |
| 24:06 | Research | Fletching |
| 24:11 | Build | Lumber Camp |
| 25:10 | Create | Villager (Male) |
| 25:15 | Build | Mining Camp |
| 25:22 | Research | Scale Barding Armor |
| 25:45 | Age | Castle Age |
| 25:49 | Create | Knight |
| 26:21 | Create | Villager (Male) |
| 26:34 | Create | Knight |
| 26:37 | Create | Villager (Male) |
| 26:42 | Create | Knight |
| 26:47 | Build | Town Center |
| 26:56 | Research | Bow Saw |
| 27:02 | Research | Horse Collar |
| 27:25 | Create | Villager (Male) |
| 27:39 | Create | Knight |
| 27:45 | Create | Archer |
| 27:45 | Create | Archer |
| 27:57 | Create | Villager (Male) |
| 28:01 | Build | Farm |
| 28:29 | Create | Villager (Male) |
| 28:48 | Create | Villager (Male) |
| 29:01 | Create | Villager (Male) |
| 29:01 | Create | Villager (Male) |
Build order — Panelo
First 150 of 305 actions detected
| 0:00 | Create | Villager (Male) |
| 0:01 | Create | Villager (Male) |
| 0:01 | Create | Villager (Male) |
| 0:02 | Create | Villager (Male) |
| 0:03 | Build | House |
| 0:04 | Build | House |
| 1:25 | Create | Villager (Male) |
| 1:25 | Create | Villager (Male) |
| 2:03 | Create | Villager (Male) |
| 2:35 | Create | Villager (Male) |
| 2:35 | Create | Villager (Male) |
| 2:43 | Build | Barracks |
| 2:53 | Create | Villager (Male) |
| 2:53 | Create | Villager (Male) |
| 3:18 | Create | Villager (Male) |
| 3:37 | Create | Unit 2550 |
| 3:48 | Create | Villager (Male) |
| 4:00 | Create | Unit 2550 |
| 4:14 | Create | Villager (Male) |
| 4:30 | Create | Unit 2550 |
| 5:04 | Create | Villager (Male) |
| 5:29 | Create | Villager (Male) |
| 5:38 | Build | Settlement |
| 5:47 | Create | Villager (Male) |
| 5:58 | Create | Villager (Male) |
| 6:10 | Create | Villager (Male) |
| 6:30 | Create | Villager (Male) |
| 6:48 | Create | Villager (Male) |
| 7:11 | Build | Outpost |
| 7:17 | Build | Outpost |
| 7:19 | Create | Villager (Male) |
| 7:19 | Create | Villager (Male) |
| 7:33 | Build | Outpost |
| 7:38 | Build | Outpost |
| 7:40 | Create | Villager (Male) |
| 8:12 | Create | Villager (Male) |
| 8:17 | Research | Loom |
| 8:26 | Research | Loom |
| 9:22 | Create | Villager (Male) |
| 9:25 | Research | Feudal Age |
| 9:45 | Build | Settlement |
| 9:53 | Create | Unit 2550 |
| 10:13 | Build | Settlement |
| 10:43 | Create | Unit 2550 |
| 11:12 | Build | Settlement |
| 11:44 | Create | Villager (Male) |
| 11:57 | Age | Feudal Age |
| 11:59 | Create | Villager (Male) |
| 12:24 | Build | Watch Tower |
| 12:28 | Create | Villager (Male) |
| 12:39 | Build | Watch Tower |
| 12:45 | Create | Villager (Male) |
| 12:56 | Create | Villager (Male) |
| 13:03 | Build | Palisade Wall |
| 13:04 | Build | Palisade Wall |
| 13:04 | Build | Palisade Wall |
| 13:05 | Build | Palisade Wall |
| 13:05 | Build | Palisade Wall |
| 13:10 | Research | Tech 1402 |
| 13:14 | Create | Villager (Male) |
| 13:14 | Create | Villager (Male) |
| 13:16 | Build | Archery Range |
| 13:23 | Create | Unit 2550 |
| 13:42 | Build | Palisade Wall |
| 13:53 | Create | Unit 2550 |
| 14:09 | Create | Unit 2550 |
| 14:29 | Build | Farm |
| 14:30 | Build | Farm |
| 14:32 | Build | Farm |
| 14:34 | Create | Archer |
| 14:35 | Create | Archer |
| 14:43 | Create | Villager (Male) |
| 14:47 | Build | Farm |
| 14:59 | Create | Archer |
| 15:06 | Create | Villager (Male) |
| 15:20 | Create | Spearman |
| 15:23 | Create | Archer |
| 15:33 | Create | Archer |
| 15:45 | Create | Spearman |
| 15:49 | Create | Villager (Male) |
| 15:57 | Create | Spearman |
| 16:14 | Create | Archer |
| 16:21 | Create | Archer |
| 16:23 | Build | Farm |
| 16:43 | Create | Spearman |
| 16:45 | Create | Villager (Male) |
| 17:00 | Create | Archer |
| 17:01 | Create | Spearman |
| 17:07 | Create | Villager (Male) |
| 17:17 | Build | House |
| 17:28 | Build | Palisade Wall |
| 17:35 | Create | Villager (Male) |
| 17:36 | Create | Villager (Male) |
| 17:47 | Create | Villager (Male) |
| 18:04 | Create | Villager (Male) |
| 18:20 | Create | Archer |
| 18:21 | Create | Spearman |
| 18:33 | Create | Archer |
| 18:43 | Create | Unit 2550 |
| 18:44 | Create | Unit 2550 |
| 18:59 | Create | Villager (Male) |
| 19:01 | Build | Blacksmith |
| 19:13 | Create | Unit 2550 |
| 19:15 | Create | Villager (Male) |
| 19:18 | Build | Farm |
| 19:30 | Create | Villager (Male) |
| 19:33 | Build | Farm |
| 19:37 | Research | Fletching |
| 19:43 | Create | Villager (Male) |
| 19:50 | Build | Farm |
| 19:58 | Create | Villager (Male) |
| 20:01 | Build | Watch Tower |
| 20:04 | Build | Palisade Wall |
| 20:08 | Build | Watch Tower |
| 20:13 | Create | Archer |
| 20:13 | Create | Archer |
| 20:25 | Create | Villager (Male) |
| 20:52 | Create | Unit 2550 |
| 20:52 | Create | Unit 2550 |
| 21:01 | Build | Farm |
| 21:02 | Build | Farm |
| 21:03 | Build | Farm |
| 21:12 | Create | Archer |
| 21:16 | Create | Villager (Male) |
| 21:16 | Create | Villager (Male) |
| 21:18 | Build | Farm |
| 21:18 | Build | Farm |
| 21:24 | Build | Farm |
| 21:40 | Create | Archer |
| 21:52 | Create | Villager (Male) |
| 21:52 | Create | Villager (Male) |
| 21:53 | Build | Farm |
| 22:00 | Build | Farm |
| 22:14 | Research | Scale Mail Armor |
| 22:19 | Create | Unit 2550 |
| 22:21 | Build | Farm |
| 22:38 | Create | Villager (Male) |
| 22:38 | Create | Villager (Male) |
| 22:41 | Build | Farm |
| 22:45 | Build | Farm |
| 22:52 | Create | Unit 2550 |
| 23:00 | Create | Unit 2550 |
| 23:01 | Create | Archer |
| 23:01 | Create | Archer |
| 23:05 | Create | Spearman |
| 23:32 | Build | Farm |
| 23:45 | Create | Unit 2550 |
| 23:46 | Create | Archer |
| 23:49 | Create | Villager (Male) |
| 23:49 | Create | Villager (Male) |
Match timeline
| 2:43 | Panelo · first_building Barracks |
| 4:37 | Gil-galad · first_building Barracks |
| 5:05 | Gil-galad · wall_segment Palisade Wall x4 |
| 6:43 | Gil-galad · wall_segment Palisade Wall x1 |
| 11:37 | Gil-galad · age_up feudal |
| 11:57 | Panelo · age_up feudal |
| 12:08 | Gil-galad · first_building Stable |
| 13:03 | Panelo · wall_segment Palisade Wall x1 |
| 13:04 | Panelo · wall_segment Palisade Wall x1 |
| 13:04 | Panelo · wall_segment Palisade Wall x1 |
| 13:05 | Panelo · wall_segment Palisade Wall x1 |
| 13:05 | Panelo · wall_segment Palisade Wall x1 |
| 13:16 | Panelo · first_building Archery Range |
| 13:42 | Panelo · wall_segment Palisade Wall x1 |
| 16:33 | Gil-galad · first_building Archery Range |
| 17:28 | Panelo · wall_segment Palisade Wall x1 |
| 20:04 | Panelo · wall_segment Palisade Wall x1 |
| 22:40 | Gil-galad · first_market_sell 500 wood |
| 22:42 | Gil-galad · first_market_buy 100 food |
| 25:45 | Gil-galad · age_up castle |
| 27:33 | Panelo · first_market_buy 100 food |
| 28:06 | Panelo · wall_segment Palisade Wall x1 |
| 29:18 | Gil-galad · first_building Monastery |
| 29:55 | Panelo · age_up castle |
| 30:03 | Panelo · first_market_sell 100 wood |
| 30:03 | Gil-galad · first_building Castle |
| 31:13 | Panelo · first_building Siege Workshop |
| 32:32 | Gil-galad · wall_segment Palisade Wall x1 |
| 32:54 | Gil-galad · wall_segment Palisade Wall x1 |
| 37:35 | Gil-galad · resign |
[ AI ANALYSIS · 1 CREDIT ]
What really happened in this match?
Wolo.gg analyzes every decision: build order, eco, micro, common mistakes by bracket. Personalized analysis on WhatsApp or Discord in 30 seconds.
Civ guide
Bohemians
Perfil
Jugador #322559